 Dungeon Sprint DCSS version 0.17-a0-1636-g3119f2b (webtiles) character file.

3532 Kidiri the Protected (level 9, -4/85 HPs)
             Began as a Minotaur Fighter on Aug 6, 2015.
             Was an Elder of Okawaru.
             Slain by a hill giant
             ... wielding a cursed -1 giant club
              (25 damage)
             ... in the Dungeon (Sprint VII: "The Pits").
             The game lasted 00:05:20 (938 turns).

Kidiri the Protected (Minotaur Fighter)              Turns: 938, Time: 00:05:20

Health: -4/85      AC: 26    Str: 24    XL:     9   Next: 82%
Magic:  13/13      EV: 13    Int:  8    God:    Okawaru [****..]
Gold:   0          SH: 15    Dex: 10    Spells: 0 memorised, 8 levels left

rFire  . . .     SeeInvis .     w - +2 war axe (chop)
rCold  . . .     Clarity  .     a - +3 plate armour
rNeg   . . .     SustAt   .     c - +0 shield
rPois  .         Gourm    .     (helmet restricted)
rElec  .         Spirit   .     (no cloak)
rCorr  .         Warding  .     (no gloves)
rMut   .         NoTele   +     (no boots)
MR     .....                    (no amulet)
Stlth  ..........               u - +3 ring of intelligence
                                b - +3 ring of protection

@: heroism, not resistant to hostile enchantments, extremely unstealthy
A: retaliatory headbutt, claws 1, horns 2, talons 1, yellow scales 1, blurry
vision 1
a: Heroism, Renounce Religion


You were in the Dungeon.
You worshipped Okawaru.
Okawaru was greatly pleased with you.
You were hungry.

You visited 1 branch

Inventory:

Hand weapons
 w - a +2 war axe of chopping (weapon)
Armour
 a - a +3 plate armour (worn)
 c - a +0 shield (worn)
Jewellery
 b - a +3 ring of protection (left claw)
 u - a +3 ring of intelligence (right claw)
Scrolls
 k - a scroll of blinking
 q - 3 scrolls of remove curse
 r - 5 scrolls of amnesia
 s - a scroll of summoning
Potions
 d - 2 potions of might
 f - 5 potions of curing
 g - 9 potions of heal wounds
 h - 5 potions of haste
 i - 4 potions of magic
 j - 3 potions of berserk rage
 p - 2 potions of invisibility
 v - a potion of brilliance
Comestibles
 e - 8 bread rations
 n - 40 fruits
 o - 7 meat rations


   Skills:
 + Level 10.0(15.0) Fighting
 * Level 12.9(17.9) Axes
 * Level 13.1(18.1) Armour
 + Level 8.5(13.5) Dodging
 * Level 13.0(18.0) Shields
 + Level 7.5 Invocations


You had 8 spell levels left.
You didn't know any spells.

Dungeon Overview and Level Annotations

Branches:
Dungeon (1/1)

Altars:
Ashenzari
Cheibriados
Dithmenos
Elyvilon
Fedhas
Gozag
Kikubaaqudgha
Makhleb
Nemelex Xobeh
Okawaru
Qazlal
Ru
Sif Muna
Trog
Vehumet
Xom
Yredelemnul
Zin
The Shining One
Beogh
Jiyva
Lugonu


Innate Abilities, Weirdness & Mutations

You reflexively headbutt those who attack you in melee.
You have a pair of horns on your head.
You have sharp fingernails.
You have sharp toenails.
You are partially covered in yellow scales (AC +2).
Scrolls take you a little longer to read.


Message History

The sheep is severely wounded.
You block the orc warrior's attack. The hill giant closely misses you.
Unknown command.
You hit the hill giant but do no damage.
The hill giant is moderately wounded.
You hit the sheep.
You kill the sheep!
Okawaru accepts your kill. You block the orc's attack.
The kobold throws a stone.
You block the stone.
Unknown command.
You hit the hill giant but do no damage.
You claw the hill giant, but do no damage.
You headbutt the hill giant.
The hill giant is heavily wounded.
You hit the orc warrior.
The orc warrior is lightly wounded.
The orc warrior hits you from afar with a halberd!!
* * * LOW HITPOINT WARNING * * *
The hill giant hits you with a giant club!!
You die...

<...##..#### #+#
....##..#..#####.##
....##..#....##...#
....##..'.....#...#
######..'.....'...+
######..'.....#...#
..[[##..#....##...#
..[[##..#..#####.##
..))##..#### #@#
..))##..##...K.†Coooo...
..))##..#.........oYo..#
########################


You could see a hill giant, 2 orc warriors, a sheep, 4 orcs and a kobold.

Vanquished Creatures
  An orc knight (D)
  2 griffons (D)
  An eye of devastation (D)
  A troll (D)
  A trapdoor spider (D)
  A redback (D)
  A hungry ghost (D)
  2 water moccasins (D)
  4 insubstantial wisps (D)
  An orc warrior (D)
  A sky beast (D)
  A black bear (D)
  An ice beast (D)
  An ogre (D)
  A giant frog (D)
  A brain worm (D)
  A scorpion (D)
  Jessica (D)
  A sheep (D)
  A white imp (D)
  An ooze (D)
  An adder skeleton (D)
  A worm (D)
  4 orcs (D)
  A ball python (D)
  A bat (D)
  3 hobgoblins (D)
  A kobold (D)
38 creatures vanquished.

Notes
Turn   | Place    | Note
--------------------------------------------------------------
     0 | D        | Kidiri the Minotaur Fighter began the quest for the Orb.
     0 | D        | Reached XP level 1. HP: 19/19 MP: 0/0
    30 | D        | Found a sacrificial altar of Ru.
    30 | D        | Found a basalt altar of Yredelemnul.
    30 | D        | Found a shadowy altar of Dithmenos.
    30 | D        | Found a deep blue altar of Sif Muna.
    30 | D        | Found a burning altar of Makhleb.
    30 | D        | Found a shimmering altar of Xom.
    30 | D        | Found an ancient bone altar of Kikubaaqudgha.
    30 | D        | Found a sparkling altar of Nemelex Xobeh.
    31 | D        | Found a glowing golden altar of the Shining One.
    31 | D        | Found a bloodstained altar of Trog.
    31 | D        | Found a shattered altar of Ashenzari.
    31 | D        | Found a white marble altar of Elyvilon.
    31 | D        | Found a snail-covered altar of Cheibriados.
    31 | D        | Found a blossoming altar of Fedhas.
    31 | D        | Found a radiant altar of Vehumet.
    31 | D        | Found a glowing silver altar of Zin.
    31 | D        | Found a corrupted altar of Lugonu.
    31 | D        | Found a viscous altar of Jiyva.
    31 | D        | Found a roughly hewn altar of Beogh.
    31 | D        | Found an iron altar of Okawaru.
    37 | D        | Found a stormy altar of Qazlal.
    38 | D        | Found an opulent altar of Gozag.
    40 | D        | Became a worshipper of Warmaster Okawaru
   135 | D        | Reached skill level 4 in Armour
   138 | D        | Reached skill level 1 in Dodging
   145 | D        | Reached XP level 2. HP: 25/27 MP: 1/1
   160 | D        | Noticed a brain worm
   167 | D        | Killed a brain worm
   167 | D        | Reached skill level 5 in Fighting
   167 | D        | Reached skill level 5 in Axes
   167 | D        | Reached skill level 6 in Armour
   167 | D        | Reached skill level 5 in Shields
   167 | D        | Reached XP level 3. HP: 31/36 MP: 1/3
   167 | D        | Reached XP level 4. HP: 36/42 MP: 1/4
   244 | D        | Noticed an ogre
   244 | D        | Noticed a hungry ghost
   245 | D        | Noticed a black bear
   245 | D        | Noticed a giant frog
   255 | D        | Killed an ogre
   255 | D        | Acquired Okawaru's first power
   255 | D        | Reached skill level 7 in Armour
   255 | D        | Reached XP level 5. HP: 47/50 MP: 4/6
   264 | D        | Killed a hungry ghost
   264 | D        | Reached skill level 8 in Armour
   264 | D        | Reached XP level 6. HP: 54/58 MP: 2/7
   276 | D        | Killed a giant frog
   283 | D        | Killed a black bear
   283 | D        | Reached skill level 9 in Armour
   283 | D        | Reached skill level 5 in Dodging
   348 | D        | Noticed a trapdoor spider
   355 | D        | Killed a trapdoor spider
   355 | D        | Reached XP level 7. HP: 63/66 MP: 9/9
   369 | D        | Noticed a scorpion
   369 | D        | Noticed Jessica
   369 | D        | Noticed a sky beast
   369 | D        | Noticed a water moccasin
   376 | D        | Killed a water moccasin
   376 | D        | Reached skill level 10 in Armour
   376 | D        | Reached skill level 5 in Invocations
   384 | D        | Killed a sky beast
   384 | D        | Reached skill level 10 in Shields
   391 | D        | Killed Jessica
   394 | D        | Killed a scorpion
   402 | D        | Gained mutation: Scrolls take you a little longer to read. [mutagenic meat]
   403 | D        | Gained mutation: You have sharp toenails. [mutagenic meat]
   405 | D        | Gained mutation: You have sharp fingernails. [mutagenic meat]
   406 | D        | Gained mutation: You are partially covered in yellow scales (AC +2). [mutagenic meat]
   410 | D        | Noticed a water moccasin
   410 | D        | Noticed an insubstantial wisp
   410 | D        | Noticed an insubstantial wisp
   410 | D        | Noticed an insubstantial wisp
   410 | D        | Noticed an insubstantial wisp
   410 | D        | Noticed a troll
   414 | D        | Killed a water moccasin
   414 | D        | Reached skill level 10 in Axes
   422 | D        | Killed a troll
   422 | D        | Reached XP level 8. HP: 64/74 MP: 7/11
   429 | D        | Killed an insubstantial wisp
   429 | D        | Reached skill level 11 in Armour
   431 | D        | Killed an insubstantial wisp
   434 | D        | Killed an insubstantial wisp
   442 | D        | Killed an insubstantial wisp
   609 | D        | Noticed an eye of devastation
   609 | D        | Noticed an ice beast
   609 | D        | Noticed a griffon
   619 | D        | Killed a griffon
   619 | D        | Reached XP level 9. HP: 40/83 MP: 10/12
   620 | D        | Killed an eye of devastation
   620 | D        | Reached skill level 12 in Armour
   621 | D        | Killed an ice beast
   913 | D        | Noticed a redback
   913 | D        | Noticed an orc knight
   913 | D        | Noticed an orc warrior
   914 | D        | Noticed a hill giant
   914 | D        | Noticed a griffon
   920 | D        | Noticed an orc warrior
   920 | D        | Killed a redback
   921 | D        | Noticed an orc warrior
   924 | D        | Killed an orc warrior
   929 | D        | Killed a griffon
   931 | D        | Killed an orc knight
   931 | D        | Reached skill level 10 in Fighting
   931 | D        | Reached skill level 13 in Armour
   938 | D        | Slain by a hill giant

Vault maps used:
D:        pitsprint

Action                   |  1- 3 |  4- 6 |  7- 9 || total
-------------------------+-------+-------+-------++-------
Melee: Hand axe          |    14 |    39 |    44 ||    97
       War axe           |     3 |       |    26 ||    29
Invok: Heroism           |       |     1 |     4 ||     5
  Use: Potion            |       |       |     4 ||     4
  Eat: Chunk             |       |       |     5 ||     5
